[Event "*** Titled Tuesday Blitz"]
[Site "Chess.com"]
[Date "2019.04.02"]
[Round "9"]
[White "SoltaniciR"]
[Black "IMDT02"]
[Result "1-0"]
[WhiteElo "2589"]
[BlackElo "2443"]
[TimeControl "180+2"]
[EndTime "16:05:04 PDT"]
[Termination "SoltaniciR won by resignation"]

1. e4 c5 2. Nf3 Nc6 3. Nc3 e5 4. Bc4 d6 5. d3 Be7 6. Nd2 Nf6 7. Nf1 O-O 8. Ne3 Be6 9. O-O Nd4 10. a4 Qd7 11. Ncd5 Qd8 12. c3 Nc6 13. g3 Bh3 14.
Ng2 Nxd5 15. Bxd5 Be6 16. f4 Bxd5 17. exd5 Nb8 18. f5 Nd7 19. Ne3 Bg5 20. Nc4 Be7 21. h4 a6 22. a5 b5 23. axb6 Nxb6 24. Ne3 Nd7 25. Kg2 Qc7 26. Qf3 Rfe8 27. Ng4 Nf6 28. Nxf6+ Bxf6 29. Qe4 Qb7 30. Rh1 Qb3 31. g4 Qc2+ 32. Kg3 c4 33. g5 Bd8 34. Qxc4 e4 35. Rh2 Qxd3+ 36. Qxd3 exd3 37. Bf4 Bb6 38. Rd2 Re2 39.
Rxe2 dxe2 40. Re1 Re8 41. Kf3 Bc5 42. b4 Bg1 43. Rxe2 1-0

[Event "*** Titled Tuesday Blitz"]
[Site "Chess.com"]
[Date "2019.04.02"]
[Round "9"]
[White "Bryakin_Mikhail"]
[Black "Ginger_GM"]
[Result "0-1"]
[WhiteElo "2741"]
[BlackElo "2637"]
[TimeControl "180+2"]
[EndTime "16:05:05 PDT"]
[Termination "Ginger_GM won by resignation"]

1. d4 e6 2. c4 f5 3. g3 Nf6 4. Bg2 Be7 5. Qc2 O-O 6. Nh3 d6 7. O-O e5 8. dxe5 dxe5 9. Rd1 Qe8 10. b3 Qh5 11. f4 Bc5+ 12. e3 e4 13. Nf2 Nc6 14. a3 a5 15. Nc3 Be6 16. Nb5 Qf7 17.
Re1 h5 18. Bb2 Rac8 19. Rad1 h4 20. Nd4 hxg3 21. hxg3 Nh5 22. g4 fxg4 23. Nxe4 Bxd4 24. Bxd4 Bf5 25. Qc3 Qg6 26. Ng5 Rce8 27. Bc5 Rf6 28. b4 axb4 29. axb4 Ng3 30. b5 Ne4 31. Nxe4 Bxe4 32.
bxc6 Bxg2 33. e4 Bxe4 34. cxb7 Rfe6 35. Qg3 Qh5 36. Kf2 Qxc5+ 37. Qe3 Qxe3+ 38. Rxe3 Bxb7 39. Rxe6 Rxe6 40. Rd7 Rc6 41. Rd4 Ba6 42. Kg3 Rxc4 43. Rd8+ Kf7 44. Kxg4 Bb5 45. Rc8 Bd7+ 0-1

[Event "*** Titled Tuesday Blitz"]
[Site "Chess.com"]
[Date "2019.04.02"]
[Round "9"]
[White "lachesisQ"]
[Black "VitaliyBernadskiy"]
[Result "1-0"]
[WhiteElo "3016"]
[BlackElo "2743"]
[TimeControl "180+2"]
[EndTime "16:05:23 PDT"]
[Termination "lachesisQ won by resignation"]

1. e4 c6 2. d4 d5 3. e5 Bf5 4. Nf3 e6 5. c3 Ne7 6. Be2 h6 7. O-O Nd7 8. Nbd2 c5 9. dxc5 Nxc5 10. Nd4 a6 11. N2b3 Nxb3 12. Qxb3 Qd7 13. Rd1 Be4 14. f3 Bg6 15. c4 Nc6 16. Be3 Nxd4 17. Bxd4 dxc4 18.
Bxc4 Be7 19. Bb6 Qc6 20. Rac1 Bc5+ 21. Bxc5 Qxc5+ 22. Kh1 O-O 23. Bxa6 Qxe5 24. Bxb7 Rab8 25. a4 h5 26. Qb6 h4 27. h3 Bf5 28. a5 Qg3 29. a6 Bxh3 30. gxh3 Qxh3+ 31. Kg1 Qg3+ 32. Kf1 h3 33. Qf2 Qf4 34. Kg1 Rbd8 35. Kh1 Qb4 36.
Rxd8 Rxd8 37. Rc8 Rxc8 38. Bxc8 Qc4 39. Bb7 Qc1+ 40. Kh2 Qf4+ 41. Kxh3 Qh6+ 42. Qh4 Qc1 43. Qd8+ Kh7 44. Qd3+ f5 45. f4 Qxf4 46. Kg2 Qb4 47. b3 g5 48. Qd7+ Kg6 49. Qxe6+ Kh5 50. Bf3+ 1-0

[Event "*** Titled Tuesday Blitz"]
[Site "Chess.com"]
[Date "2019.04.02"]
[Round "9"]
[White "GMKrikor"]
[Black "enriquetejedor"]
[Result "0-1"]
[WhiteElo "2709"]
[BlackElo "2566"]
[TimeControl "180+2"]
[EndTime "16:05:24 PDT"]
[Termination "enriquetejedor won by resignation"]

1. e4 c6 2. Nf3 d5 3. Nc3 Bg4 4.
h3 Bh5 5. exd5 cxd5 6. Bb5+ Nc6 7.
g4 Bg6 8. Ne5 Rc8 9. d4 e6 10.
Qe2 Bd6 11. h4 Bxe5 12. Qxe5 Bxc2 13. Qxg7 Qf6 14. Bh6 Kd7 15. Qxf6 Nxf6 16. Bg7 Nxg4 17. Bxh8 Rxh8 18. f3 Nh6 19. Kd2 Bg6 20. h5 Bf5 21. Ne2 a6 22. Bxc6+ bxc6 23. Rac1 Rb8 24. b3 Ng8 25.
Rc5 Ne7 26. Ra5 Rb6 27. Ng3 h6 28. Rh4 Bh7 29. Rg4 Nf5 30. Nxf5 Bxf5 31. Rg8 Kd6 32. Ra8 e5 33. dxe5+ Kxe5 34. R8xa6 Rb4 35. Rxc6 Rd4+ 36.
Kc3 Rd3+ 37. Kb4 Be6 38. Ra8 Rxf3 39. Rh8 d4 40. Rxh6 Rf2 41. Rc5+ Ke4 42. a4 Rb2 43. a5 Rxb3+ 44. Ka4 Rb1 45. Rf6 d3 46. h6 d2 47.
Rc4+ Bxc4 48. Rd6 Bd3 0-1

[Event "*** Titled Tuesday Blitz"]
[Site "Chess.com"]
[Date "2019.04.02"]
[Round "9"]
[White "PawnEatingZombie"]
[Black "FearNoEvil12"]
[Result "1-0"]
[WhiteElo "2152"]
[BlackElo "2010"]
[TimeControl "180+2"]
[EndTime "16:05:33 PDT"]
[Termination "PawnEatingZombie won by resignation"]

1. d4 b5 2. Bg5 a6 3. e3 Bb7 4.
Nf3 h6 5. Bh4 d6 6. Be2 Nd7 7.
Nbd2 Ngf6 8. c3 e6 9. O-O g5 10.
Bg3 Rg8 11. a4 bxa4 12. Nc4 Rb8 13. Qxa4 h5 14. h4 gxh4 15. Bxh4 Be7 16. Na5 Ng4 17. Nxb7 Rxb7 18. Bxe7 Qxe7 19. Bxa6 Rb8 20. Bb5 Nf6 21.
Rfc1 Rd8 22. b4 Kf8 23. c4 Nb6 24. Qd1 Ne4 25. Bc6 Ng5 26. Nxg5 Qxg5 27. Qf3 d5 28. c5 Nc4 29. Ra2 Rg6 30. Rca1 Kg7 31. Ra8 Rxa8 32. Bxa8 Nd2 33. Qh3 Ne4 34. b5 Qf6 35. Rf1 Nc3 36. b6 Ne2+ 37. Kh1 Rg4 38. b7 Rh4 39. b8=Q Rxh3+ 40. gxh3 Qf3+ 41. Kh2 Nf4 42. exf4 Qxf4+ 43. Kg2 Qg5+ 44.
Kh1 Qf4 45. Rg1+ Kf6 46. Qd8+ Kf5 47. Qg5+ Qxg5 48. Rxg5+ Kxg5 49. Kg2 Kf4 50. f3 Ke3 51. Kg3 Kxd4 52. Bc6 Kxc5 53. Be8 d4 54. Bxf7 Kd5 55. Bxh5 d3 56. f4 Ke4 57. Bf3+ Ke3 58. h4 c5 59. h5 c4 60. h6 c3 61. h7 c2 62.
h8=Q c1=Q 63. Qe5+ Kd2 64. Qa5+ Kc2 65. Qc5+ Kd2 66.
Qxc1+ Kxc1 67. Kg4 d2 68. Kg5 d1=Q 69. Bxd1 Kxd1 70.
Kf6 Ke2 71. Kxe6 Kf3 72. f5 1-0

[Event "*** Titled Tuesday Blitz"]
[Site "Chess.com"]
[Date "2019.04.02"]
[Round "9"]
[White "DanielMieles1985"]
[Black "JonahWillow"]
[Result "0-1"]
[WhiteElo "2653"]
[BlackElo "2704"]
[TimeControl "180+2"]
[EndTime "16:05:37 PDT"]
[Termination "JonahWillow won by resignation"]

1. d4 Nf6 2. c4 c5 3. d5 e6 4. Nc3 exd5 5. cxd5 d6 6. e4 g6 7. f4 Bg7 8. Bb5+ Nfd7 9. a4 Qh4+ 10. g3 Qe7 11. Nf3 O-O 12. O-O Na6 13. e5 dxe5 14. d6 Qd8 15. Re1 exf4 16. Bxf4 Nf6 17. Re7 Bg4 18. h3 Be6 19. Ng5 Nh5 20. Nxe6 fxe6 21. Rxg7+ Kxg7 22. Be5+ Kg8 23. Ne4 Rf5 24.
Bc3 Rd5 25. Qg4 Rxd6 26. Nxd6 Qxd6 27. Re1 Rd8 28. Bc4 Qxg3+ 29. Qxg3 Nxg3 30. Rxe6 Kf8 31. Rf6+ Ke8 32. Rf7 Rd7 33. Rf3 Nf5 34. Bb5 Nc7 35.
Bxd7+ Kxd7 36. Rd3+ Kc6 37. Rd8 Nd5 38. Be5 h5 39. Rc8+ Kb6 40. Kg2 Nde7 41. Re8 Ka5 42.
b3 Kb4 43. Rb8 b6 44. Rb7 Kxb3 45. Rxa7 Nc6 46. Ra6 Nxe5 47. Rxb6+ Kxa4 48. Kf2 Ka5 49. Rb8 c4 50. Ke2 c3 51. Kd1 Ne3+ 52. Ke2 c2 53.
Rc8 N3c4 54. Ra8+ Kb4 55. Ra1 Kc3 0-1

[Event "*** Titled Tuesday Blitz"]
[Site "Chess.com"]
[Date "2019.04.02"]
[Round "9"]
[White "SolidAsARook"]
[Black "AdrianaNikolova"]
[Result "1-0"]
[WhiteElo "2264"]
[BlackElo "2473"]
[TimeControl "180+2"]
[EndTime "16:05:40 PDT"]
[Termination "SolidAsARook won on time"]

1. c4 e5 2. g3 Nf6 3. Bg2 d5 4. cxd5 Nxd5 5. Nf3 Nc6 6. O-O Ke7 7.
d4 exd4 8. Nxd4 Ke8 9. Nxc6 bxc6 10. Nc3 Be6 11. Qa4 Qd6 12. Rd1 Nb6 13. Rxd6 Nxa4 14. Bxc6+ Ke7 15. Rxe6+ fxe6 16. Bxa8 Nb6 17. Bg2 Kf7 18.
Bf4 c5 19. Rd1 Be7 20. a4 g5 21. Be5 Rc8 22. a5 Nc4 23. f4 gxf4 24. gxf4 Rg8 25.
Rd3 Nxb2 26. Rg3 Rd8 27. Rg7+ Kf8 28. Rxh7 Rd2 29. Be4 Nc4 30. Bg6 Nxe5 31. fxe5 Bg5 32.
Kf2 c4 33. Rxa7 Rd8 34. Ne4 Bh4+ 35. Kf3 Rc8 36. Kg4 Be7 37. Nd6 Bxd6 38. exd6 c3 39.
Bc2 Rc4+ 40. Kg5 Ke8 41. h4 Kd8 42. h5 Rc5+ 43. Kg6 Re5 44. e4 Rb5 45. h6 Kc8 46.
h7 Kb8 47. Rc7 Ka8 48. h8=Q+ Rb8 49. Qxc3 Rg8+ 50. Kf7 1-0

[Event "*** Titled Tuesday Blitz"]
[Site "Chess.com"]
[Date "2019.04.02"]
[Round "9"]
[White "JSMastropiero"]
[Black "CookiesAndIceCream"]
[Result "0-1"]
[WhiteElo "2222"]
[BlackElo "2360"]
[TimeControl "180+2"]
[EndTime "16:05:41 PDT"]
[Termination "CookiesAndIceCream won by resignation"]

1. d4 d5 2. Nf3 Nf6 3. c4 c6 4. Qc2 dxc4 5. Qxc4 Bf5 6. g3 Nbd7 7. Bg2 e6 8. O-O Be7 9. Rd1 O-O 10. e3 Rc8 11. Qe2 Qb6 12. Nc3 c5 13. e4 Bg4 14.
Be3 cxd4 15. Bxd4 Bc5 16. Na4 Qb4 17. Nxc5 Nxc5 18. a3 Qb3 19. h3 Bh5 20. Bxf6 gxf6 21. Rac1 Na4 22. Rxc8 Rxc8 23. Rd2 Rc1+ 24. Kh2 Rb1 25. g4 Bg6 26. Nd4 Qb6 27. f4 Rxb2 28. Rxb2 Nxb2 29. Nb5 Nd1 30. Qxd1 Qxb5 31. f5 Qb2 32.
fxg6 hxg6 33. Qd3 b5 34. Kg1 a5 35. Bf1 b4 36. axb4 axb4 37. Qc4 Qd2 38. Bd3 Qe1+ 39. Kg2 Kg7 40. Qc2 Qe3 41. Qe2 Qd4 42. Bc4 Qc3 43.
Qa2 Qe1 44. Qc2 Qe3 45. Qd3 Qc1 46. Bb3 Qb2+ 47. Qc2 Qd4 48. Kf3 Qg1 49. Qd2 Qf1+ 50. Kg3 Qg1+ 51. Kf3 Qh1+ 52. Ke3 Qxh3+ 53. Kd4 Qxb3 54.
Kc5 Qc3+ 0-1

[Event "*** Titled Tuesday Blitz"]
[Site "Chess.com"]
[Date "2019.04.02"]
[Round "9"]
[White "GremioPrudente"]
[Black "gonzaga23"]
[Result "1/2-1/2"]
[WhiteElo "2061"]
[BlackElo "2347"]
[TimeControl "180+2"]
[EndTime "16:05:43 PDT"]
[Termination "Game drawn by agreement"]

1. Nf3 Nf6 2. c4 g6 3. b3 Bg7 4. Bb2 O-O 5. g3 d5 6. cxd5 Nxd5 7. Bxg7 Kxg7 8. Bg2 c6 9. O-O Qd6 10. Nc3 Nxc3 11. dxc3 Bg4 12. Qxd6 exd6 13. Rad1 d5 14. h3 Bxf3 15. Bxf3 Na6 16. Rd4 Nc5 17. Rfd1 Rfe8 18.
c4 dxc4 19. Rxc4 Re5 20. e3 Rae8 21. Kg2 a5 22. Rdc1 Ne6 23. Bg4 f5 24. Bf3 Rd8 25. Rd1 Rxd1 26. Bxd1 Rd5 27. Bf3 Rd6 28. Ra4 b6 29.
Rc4 c5 30. Rc2 Kf6 31. h4 Nc7 32. Kf1 Ke5 33. Ke2 Nb5 34. a4 Nc7 35. Rd2 Rxd2+ 36. Kxd2 h6 37. Kd3 g5 38. hxg5 hxg5 39. Bc6 Kd6 40. Bg2 Nd5 41. Bh1 Nf6 42. Bf3 Nd7 43. Bg2 Ne5+ 44. Kc3 Ng4 45. Bh3 Nh6 46. f3 Kd5 47. Kd3 Ke5 48. f4+ gxf4 49. gxf4+ 1/2-1/2

[Event "*** Titled Tuesday Blitz"]
[Site "Chess.com"]
[Date "2019.04.02"]
[Round "9"]
[White "cukus"]
[Black "effefe"]
[Result "0-1"]
[WhiteElo "2360"]
[BlackElo "2307"]
[TimeControl "180+2"]
[EndTime "16:05:46 PDT"]
[Termination "effefe won on time"]

1. e4 c5 2. Nf3 d6 3. d4 cxd4 4. Nxd4 Nf6 5. Nc3 g6 6. Be3 Bg7 7. f3 O-O 8. Qd2 Nc6 9. Bc4 Bd7 10. O-O-O Rb8 11. Bb3 Na5 12. h4 b5 13. h5 Nxb3+ 14. axb3 e5 15. Nde2 b4 16. Nb1 Bb5 17. g4 d5 18. Ng3 dxe4 19. Qh2 Qc7 20. g5 Nxh5 21. Nxh5 gxh5 22. Qxh5 Rfc8 23. Qxh7+ Kf8 24. Rd2 Bd3 25. Rhh2 Qc6 26. Rh6 Bxh6 27. gxh6 Qg6 28. Qh8+ Ke7 29. Qxe5+ Qe6 30. Bg5+ f6 31. Bxf6+ Kf7 32. fxe4 Qxe5 33. Bxe5 Rb5 34. Rxd3 Rxe5 35. Rd7+ Kg6 36. Nd2 a5 37. Rd6+ Kh7 38. Kd1 Rh5 39. Ra6 Rd8 40. Ra7+ Kxh6 41. Ra6+ Kh7 42. Ra7+ Kh8 43. e5 Rh2 44. e6 Rdxd2+ 45.
Ke1 Rde2+ 46. Kf1 Rxc2 47. Ra8+ Kg7 48. Kg1 Rhd2 49. Ra7+ Kf6 0-1

[Event "*** Titled Tuesday Blitz"]
[Site "Chess.com"]
[Date "2019.04.02"]
[Round "9"]
[White "ChessicallyInclined"]
[Black "You_are_not_free"]
[Result "1-0"]
[WhiteElo "2538"]
[BlackElo "2320"]
[TimeControl "180+2"]
[EndTime "16:05:51 PDT"]
[Termination "ChessicallyInclined won by resignation"]

1. Nf3 Nf6 2. b3 d5 3. Bb2 e6 4. e3 Be7 5. Be2 O-O 6. O-O c5 7. c4 Nc6 8. cxd5 Nxd5 9. d4 cxd4 10. Nxd4 Nxd4 11. Qxd4 Bf6 12. Qd2 b6 13. Bf3 Bb7 14. Rd1 Rc8 15. Na3 Qe7 16. Nc4 Rfd8 17. Bxf6 Qxf6 18. Rac1 g6 19. Qe1 h5 20. a4 h4 21. h3 Bc6 22. e4 Nf4 23. Rxd8+ Qxd8 24. Rd1 Qe7 25. Qe3 e5 26. Qc3 f6 27. Qd2 Rc7 28.
Qd8+ Qxd8 29. Rxd8+ Kg7 30. Ne3 Rd7 31. Rxd7+ Bxd7 32. Kf1 a5 33. Ke1 Nd3+ 34. Kd2 Nxf2 35. Nc4 Bc6 36.
Ke3 Nh1 37. Nxb6 Ng3 38. Nc4 f5 39. exf5 Nxf5+ 40. Kf2 Nd4 41. Nxa5 Bxf3 42. gxf3 Kf6 43. b4 Ke6 44. Nc4 Kd5 45. Ne3+ Kc6 46. Ng4 Kd5 47. b5 Nb3 48. Ke3 g5 49. Nf6+ Kc5 50. Ne4+ Kb4 51. b6 Na5 52. Nd6 Kc5 53. b7 Nc6 54.
Ne4+ Kb6 55. Nxg5 Kxb7 56. Ke4 Kb6 57. Nf7 Ka5 58. Nxe5 Ne7 59. Kf4 Kxa4 60. Kg5 Kb5 61. Kxh4 Kc5 62. Kg5 Kd5 63. f4 Ke6 64. h4 Ng8 65. h5 Kd5 66. h6 Nxh6 67. Kxh6 1-0

[Event "*** Titled Tuesday Blitz"]
[Site "Chess.com"]
[Date "2019.04.02"]
[Round "9"]
[White "Blitzstream"]
[Black "IakovUlivar"]
[Result "1/2-1/2"]
[WhiteElo "2680"]
[BlackElo "2544"]
[TimeControl "180+2"]
[EndTime "16:05:58 PDT"]
[Termination "Game drawn - insufficient material"]

1. e4 e5 2. Nf3 Nc6 3. d4 exd4 4.
Nxd4 Bb4+ 5. c3 Bc5 6. Be3 Bb6 7. Nd2 Nf6 8. Nxc6 bxc6 9. Bxb6 axb6 10. e5 Qe7 11. Qe2 Nd5 12. Qe4 O-O 13. Bd3 f5 14. exf6 Qxe4+ 15. Nxe4 Nxf6 16. Nxf6+ Rxf6 17. a3 d5 18.
f3 Bf5 19. Kd2 Bxd3 20. Kxd3 Re6 21. Rhe1 Kf7 22. Rxe6 Kxe6 23. Re1+ Kd6 24. f4 Rf8 25. g3 b5 26. h4 h5 27. Re5 g6 28. Rg5 Rf6 29. b4 c5 30. Re5 Rf8 31. bxc5+ Kxc5 32. Re6 Rg8 33. Rf6 Rg7 34. Ra6 c6 35. a4 bxa4 36. Rxa4 Re7 37. Ra8 Re6 38. Rd8 Rf6 39. Rd7 Re6 40. Rf7 Kd6 41. Ra7 Re1 42. Rg7 Re6 43. f5 gxf5 44. Rg5 c5 45. Rxh5 Rg6 46. Rg5 Rxg5 47.
hxg5 Ke5 48. Ke3 Ke6 49. Kf4 d4 50. cxd4 cxd4 51. g4 fxg4 52. Kxg4 Kf7 53. Kf4 Kg6 54. Ke4 Kxg5 55. Kxd4 1/2-1/2

[Event "*** Titled Tuesday Blitz"]
[Site "Chess.com"]
[Date "2019.04.02"]
[Round "9"]
[White "novocane"]
[Black "black_pawn_16"]
[Result "1/2-1/2"]
[WhiteElo "2192"]
[BlackElo "2109"]
[TimeControl "180+2"]
[EndTime "16:06:03 PDT"]
[Termination "Game drawn by agreement"]

1. d4 f5 2. Bg5 h6 3. Bh4 g5 4.
e4 Nf6 5. e5 e6 6. exf6 Qxf6 7.
Be2 gxh4 8. Bh5+ Kd8 9. Nh3 Nc6 10. c3 d6 11. O-O Be7 12. Nd2 Rg8 13. Kh1 Bd7 14. Qe2 a6 15. Rae1 d5 16. Nf4 Qg5 17.
g3 Rf8 18. Nf3 Qg7 19. Nxe6+ Bxe6 20. Qxe6 Qg8 21. Qxg8 Rxg8 22. Bf7 Rf8 23. Bxd5 hxg3 24. fxg3 Bd6 25. Bxc6 bxc6 26. Ne5 c5 27. dxc5 Bxc5 28. Rd1+ Bd6 29. Nc4 Kd7 30. Nxd6 cxd6 31. Rd4 Rf6 32. Rfd1 Re8 33. R1d2 Re5 34. Kg2 Kc6 35. Kf3 Rc5 36.
c4 a5 37. b3 Re6 38. a3 Rce5 39. b4 Re3+ 40. Kf2 Rxa3 41. b5+ Kc7 42. Rd5 Rf6 43. c5 dxc5 44. Rxc5+ Kb6 45. Rdd5 Rb3 46. Rxf5 Rxf5+ 47. Rxf5 Rxb5 48. Rf6+ Kc7 49. Rxh6 Kd7 50. Ra6 Ke7 51. h4 Kf7 52. Kg2 Kg7 53. Kh3 Rc5 54. Kg4 Rc4+ 55. Kh3 Rc5 56. Kg2 Rc2+ 57. Kf3 Rc3+ 58. Kf2 Rc2+ 59.
Ke3 Rc3+ 60. Kf4 Rc4+ 61. Ke5 Rg4 62. Rxa5 Rxg3 1/2-1/2

[Event "*** Titled Tuesday Blitz"]
[Site "Chess.com"]
[Date "2019.04.02"]
[Round "9"]
[White "cstevens1"]
[Black "DagurR"]
[Result "0-1"]
[WhiteElo "2701"]
[BlackElo "2553"]
[TimeControl "180+2"]
[EndTime "16:06:18 PDT"]
[Termination "DagurR won by resignation"]

1. e4 c5 2. Nf3 e6 3. d4 cxd4 4. Nxd4 Nc6 5. Nc3 Qc7 6. Be2 a6 7. O-O Nf6 8. Kh1 Nxd4 9. Qxd4 Bc5 10. Qd2 b5 11. Qg5 O-O 12. e5 Nd5 13. Nxd5 exd5 14. Bd3 Re8 15. Bf4 Qc6 16. c3 Bb7 17. Rad1 g6 18.
Be2 Be7 19. Qg3 Bf8 20. Bf3 Qc4 21. a3 Bg7 22. Rfe1 Re7 23. Bg5 Re6 24. Bg4 Rxe5 25. Rxe5 Bxe5 26. Qxe5 Qxg4 27. Rd4 Qe6 28. Bf6 Re8 29.
f4 d6 30. Qxe6 fxe6 31. Rd1 Kf7 32. Bg5 Rc8 33. Kg1 Rc4 34. Rd4 e5 35. fxe5 dxe5 36. Rd2 Ke6 37. h3 Rc7 38. Be3 Rf7 39. Bf2 Rd7 40.
Re2 Kd6 41. Bg3 Re7 42. Kf2 Bc8 43. Ke1 Bf5 44. Rf2 Ke6 45. Kd2 Rf7 46. Ke3 Be4 47. Rd2 h6 48. Re2 g5 49. Bh2 Rb7 50. Rf2 a5 51.
Kd2 b4 52. cxb4 axb4 53. axb4 Rxb4 54. Kc3 Rc4+ 55. Kb3 Rc8 56. Ka3 d4 57. Re2 Kd5 58. Bg1 Bd3 59. Rd2 e4 60. b4 Kc4 61. Rd1 Ra8+ 62.
Kb2 e3 63. b5 Rb8 64. Ka3 Rxb5 65. Rc1+ Kd5 66. Rd1 Ke4 67. Re1 Rb1 0-1

[Event "*** Titled Tuesday Blitz"]
[Site "Chess.com"]
[Date "2019.04.02"]
[Round "9"]
[White "Lion_DL"]
[Black "Gahan-MG"]
[Result "0-1"]
[WhiteElo "2453"]
[BlackElo "2567"]
[TimeControl "180+2"]
[EndTime "16:06:26 PDT"]
[Termination "Gahan-MG won by resignation"]

1. e4 c5 2. Nf3 e6 3. d3 d5 4. Qe2 Nf6 5. g3 Nc6 6. Bg2 dxe4 7. dxe4 Be7 8. O-O e5 9. h3 O-O 10. c3 Be6 11. Bg5 Qc8 12. Kh2 c4 13. Bxf6 Bxf6 14. Na3 Ne7 15. Rfd1 a6 16. Nc2 h5 17.
Ne3 Ng6 18. Nd5 Bxd5 19. exd5 h4 20. Nd2 hxg3+ 21. fxg3 b5 22. Ne4 Bd8 23. Qh5 Ra7 24. d6 Qe6 25. Nc5 Qf6 26. Rd2 Qg5 27. Qe2 Bb6 28.
Ne4 Qe3 29. Re1 Qxe2 30. Rexe2 Rd8 31. Ng5 Bc5 32. Ne4 Bb6 33. Ng5 Rad7 34. Bd5 Nh8 35. Rxe5 Rxd6 36. Rde2 Rf8 37. Bb7 Ng6 38. Re8 Bd8 39.
Rxf8+ Kxf8 40. Ne4 Re6 41. Rd2 Bb6 42. Kg2 Ne5 43. Bxa6 Be3 44. Re2 Rxa6 45. Rxe3 Rxa2 46. Re2 Ke7 47. Nc5 f6 48. Kf1 Kd6 49. Ne4+ Kc6 50.
g4 Nd3 51. g5 fxg5 52. Nxg5 Rxb2 53. Rxb2 Nxb2 54. Ne6 Nd1 55. Nxg7 Nxc3 56. h4 b4 57. Ke1 b3 58. Kd2 b2 59. Kxc3 b1=Q 60. Kxc4 Qe4+ 61. Kb3 Qxh4 62. Nf5 Qh3+ 63. Ka4 Qxf5 0-1

[Event "*** Titled Tuesday Blitz"]
[Site "Chess.com"]
[Date "2019.04.02"]
[Round "9"]
[White "eldur16"]
[Black "iLuusions"]
[Result "1/2-1/2"]
[WhiteElo "2491"]
[BlackElo "2617"]
[TimeControl "180+2"]
[EndTime "16:06:31 PDT"]
[Termination "Game drawn by agreement"]

1. e4 c5 2. Ne2 e6 3. d4 cxd4 4. Nxd4 a6 5. Bd3 Bc5 6. Nb3 Ba7 7. O-O b5 8. Nc3 Nc6 9. Qe2 d6 10. Be3 Nge7 11. Rad1 O-O 12. Bxa7 Rxa7 13. Qe3 e5 14.
a4 b4 15. Nd5 Be6 16. Nxb4 Bxb3 17. cxb3 Nd4 18. Bc4 Qb6 19. Nc2 Nec6 20. Nxd4 Nxd4 21.
Rd3 Rc7 22. Kh1 a5 23. f4 Qc5 24. fxe5 dxe5 25. Rc3 Qd6 26. Bd5 Re7 27. Rc4 Qb6 28.
Rc3 Qa6 29. Rfc1 g6 30. h3 Kg7 31. Kh2 Qd6 32. Rc5 f5 33. Qg5 fxe4 34. Bxe4 h6 35.
Qxe7+ Qxe7 36. Rc7 Rf7 37. Rxe7 Rxe7 38. Rc3 Re6 39.
Rc7+ Kf6 40. Ra7 Nxb3 41. Bd5 Rb6 42. Bxb3 Rxb3 43. Rxa5 Rxb2 44. Rb5 Ra2 45. a5 Kf5 46. Kg3 g5 47. Kf3 Ra3+ 48. Kf2 Kf4 49. g3+ Kf5 50.
Kg2 h5 51. Kf2 g4 52. hxg4+ hxg4 53. Rc5 Ke4 54. Rc4+ Kd3 55. Rxg4 e4 56. Rg5 Ra2+ 57. Ke1 Ke3 58. Kd1 Kf2 59. Rf5+ Kxg3 60. Ke1 Kg4 61. Rf8 1/2-1/2

[Event "*** Titled Tuesday Blitz"]
[Site "Chess.com"]
[Date "2019.04.02"]
[Round "9"]
[White "Aemulus20"]
[Black "BlackBoarder"]
[Result "1-0"]
[WhiteElo "2514"]
[BlackElo "2506"]
[TimeControl "180+2"]
[EndTime "16:06:31 PDT"]
[Termination "Aemulus20 won by resignation"]

1. e4 e6 2. d4 d5 3. Nc3 Bb4 4. e5 Ne7 5. a3 Bxc3+ 6. bxc3 c5 7. Nf3 Qa5 8. Bd2 b6 9. a4 c4 10.
h4 Bd7 11. h5 h6 12. Qc1 Na6 13. Qa3 b5 14. axb5 Qxa3 15. Rxa3 Bxb5 16. Be2 Kd7 17. O-O Nc7 18. Rfa1 Nc6 19. Nh4 a5 20. f4 Ne7 21.
Rxa5 Nc6 22. Rxa8 Rxa8 23. Rxa8 Nxa8 24. f5 Ba4 25. Bd1 Nc7 26. f6 gxf6 27. exf6 Ne8 28. Bxh6 Nxf6 29. Bg7 Nh7 30. g4 Na7 31. Nf3 f6 32. Bh6 Nb5 33. Bd2 Na3 34. g5 fxg5 35.
Nxg5 Nf6 36. h6 Nb1 37. Be1 Na3 38. h7 Nxh7 39. Nxh7 e5 40. dxe5 Ke6 41. Bg3 Bxc2 42. Bg4+ Kf7 43. e6+ Kg7 44. Ng5 Kf6 45. Nf3 Nb5 46.
Bh4+ Kg7 47. e7 Nd6 48. Nd4 Be4 49. Nb5 Ne8 50. Bh5 Bg6 51. Bxg6 Kxg6 52. Kf2 Kh5 53. Bg3 Kg6 54. Nd6 Nf6 55. e8=Q+ Nxe8 56. Nxe8 d4 57. cxd4 c3 58. Ke2 c2 59. Kd2 Kf7 60. Nc7 Ke7 61.
Kxc2 Kd7 1-0

[Event "*** Titled Tuesday Blitz"]
[Site "Chess.com"]
[Date "2019.04.02"]
[Round "9"]
[White "Floatingdream1"]
[Black "nurgyulsalimova"]
[Result "1/2-1/2"]
[WhiteElo "2815"]
[BlackElo "2542"]
[TimeControl "180+2"]
[EndTime "16:06:42 PDT"]
[Termination "Game drawn by agreement"]

1. d4 Nf6 2. c4 e6 3. Nf3 d5 4.
g3 Be7 5. Bg2 O-O 6. O-O dxc4 7.
Ne5 c5 8. dxc5 Qc7 9. Nxc4 Qxc5 10. Nba3 Rd8 11. Qb3 Nc6 12. Be3 Qh5 13. h3 Qxe2 14. Rfd1 Nd5 15. Rd2 Qh5 16. Rad1 Nxe3 17. Rxd8+ Bxd8 18. Nxe3 Be7 19. Nb5 Qc5 20. Kh2 Rb8 21. Rd2 a6 22.
Nc3 b5 23. Ne4 Qb6 24. Nd6 Nd4 25. Qc3 Bxd6 26. Qxd4 Qxd4 27. Rxd4 Be7 28. Rd3 Kf8 29. b3 a5 30. Be4 Ba6 31. Rd7 Bc5 32. Kg2 Bb6 33. Bf3 Rd8 34. Rxd8+ Bxd8 35. Be2 Bb6 36. Kf1 Ke7 37. a4 Bxe3 38. axb5 Bxb5 39. Bxb5 Bb6 40. Ke2 Kd6 41. f4 f6 42. Kf3 Kc5 43. Ba4 Kd4 44. Bc6 Kc3 45. Ba4 Bc7 46. Ke4 f5+ 47. Kf3 h6 48. g4 g5 49. fxg5 hxg5 50. gxf5 exf5 51. Kg2 Be5 52. Kf3 Bd6 53. Kg2 Kd3 54. Kf3 Kd4 55.
Bd7 Ke5 56. Ba4 Kf6 57. Bb5 Bc5 58. Bd7 Kg6 59. Bc8 Bb6 60. Bd7 Bd4 61. Bc8 Be5 62. Bd7 Bc7 63. Bc8 Kf6 64. Bd7 Ke5 65. Bc8 Bb6 66.
Bd7 Bd4 67. Bc8 Bc5 68. Bd7 Be7 69. Bc8 f4 70. Bd7 Kd4 71. Ba4 Kc3 72. Kg4 Kd3 73. Kf3 Kd2 74. Bb5 Ke1 75. Bd7 Kd2 76. Ba4 Ke1 77. Bd7 Kf1 78. Bg4 Kg1 79. Bf5 Kh2 80. Bg4 Kg1 81. Bd7 1/2-1/2

[Event "*** Titled Tuesday Blitz"]
[Site "Chess.com"]
[Date "2019.04.02"]
[Round "9"]
[White "Yoshkinkot"]
[Black "SaraciNderim"]
[Result "1-0"]
[WhiteElo "2585"]
[BlackElo "2708"]
[TimeControl "180+2"]
[EndTime "16:06:51 PDT"]
[Termination "Yoshkinkot won by resignation"]

1. e4 c5 2. Nf3 d6 3. Bb5+ Bd7 4.
Bxd7+ Qxd7 5. O-O Nc6 6. b3 Nf6 7. Re1 g6 8. Bb2 Bg7 9. c4 O-O 10. d4 cxd4 11. Nxd4 Rfd8 12. Nc3 Rac8 13. Rc1 a6 14. Nxc6 bxc6 15. Na4 Qb7 16. Qe2 Nd7 17. Bxg7 Kxg7 18. c5 Nf6 19. cxd6 exd6 20. e5 dxe5 21.
Qxe5 Qb5 22. Nc5 Re8 23. Qc3 Kg8 24. Rxe8+ Rxe8 25. h3 Nd5 26. Qd4 Qe2 27. a4 a5 28.
Rf1 h5 29. Rc1 Kh7 30. Nd7 Qe6 31. Nb6 Nb4 32. Nc4 c5 33. Qd2 Ra8 34. Re1 Qf6 35.
Re4 Rd8 36. Qe2 Nd3 37. Kh2 Nxf2 38. Re3 Qf4+ 39. g3 Qf6 40. Rf3 Qg7 41. Qxf2 f5 42. h4 Qe7 43. Qe3 Qf6 44. Rf2 Rd4 45. Re2 Re4 46. Qf2 Qd4 47. Rd2 Qc3 48. Rd7+ Kh6 49.
Qd2+ Qxd2+ 50. Rxd2 f4 51. gxf4 Rxf4 52. Kg3 Rg4+ 53.
Kh3 Rf4 54. Nxa5 Rf3+ 55. Kg2 Rf4 56. Kg3 Rg4+ 57. Kh3 Rf4 58. Rc2 Rf3+ 59. Kg2 Rf4 60. Kg3 Rf5 61. Nb7 Re5 62. Nxc5 g5 63. hxg5+ Kxg5 64.
a5 h4+ 65. Kf3 Rf5+ 66. Ke3 h3 67. Ne4+ Kg4 68. Nf2+ Kg3 69. Nxh3 Rf3+ 70. Kd4 Rxb3 71.
Ra2 1-0

[Event "*** Titled Tuesday Blitz"]
[Site "Chess.com"]
[Date "2019.04.02"]
[Round "9"]
[White "Jospem"]
[Black "Shahinyan_ChessMood"]
[Result "0-1"]
[WhiteElo "2756"]
[BlackElo "2627"]
[TimeControl "180+2"]
[EndTime "16:06:54 PDT"]
[Termination "Shahinyan_ChessMood won by resignation"]

1. c4 e5 2. Nf3 Nc6 3. Nc3 g6 4.
g3 Bg7 5. Bg2 d6 6. O-O Be6 7.
d3 h6 8. Rb1 Qd7 9. Re1 Nge7 10. b4 O-O 11. b5 Nd8 12. e4 f5 13. Nd5 Nc8 14. Ba3 c6 15. Nc3 c5 16. Nh4 Ne7 17.
Nd5 Bxd5 18. cxd5 f4 19. Bf3 h5 20. Ng2 Nf7 21. h4 Nh6 22. Bc1 Rf7 23. Rf1 Qh3 24. gxf4 Raf8 25. d4 exf4 26. dxc5 Ng4 27. Re1 Ne5 28. Rb3 dxc5 29. Bb2 Nc8 30. d6 c4 31. Ra3 Nxd6 32. Bxe5 Bxe5 33. Qd5 Re8 34. Rc1 Kg7 35. Qd1 Qe6 36. Rb1 b6 37. Qc2 Rd7 38.
Ra4 Rc8 39. Rd1 c3 40. Rd5 Nxb5 41. Rxb5 Rd2 42. Qc1 c2 43. Rxa7+ Kh6 44. Ra6 Rd6 45. Rd5 Rxd5 46. exd5 Qf6 47. Ne1 Bb2 48. Rxb6 Qxb6 49. Qxf4+ Kh7 50. Nd3 c1=Q+ 51. Nxc1 Rxc1+ 52. Kg2 Qf6 53.
Qb4 Be5 54. Qd2 Qf4 55. Qxf4 Bxf4 56. Be4 Bd6 57. Bd3 Kg7 58. Kf3 Kf6 59. Ke4 Rh1 60.
f4 Rxh4 61. Kd4 Rxf4+ 62. Kc3 h4 63. a4 Rxa4 64. Bxg6 Kxg6 65. Kb3 Rb4+ 0-1